 Dungeon Crawl Stone Soup version 0.31.0-32-g396128a36d (webtiles) character file.

Game seed: 856882941610130783

60986 Dadi the Bludgeoner (level 14, -4/110 (111) HPs)
             Began as a Demonspawn Berserker on Mar 23, 2024.
             Was the Champion of Trog.
             Slain by a red devil
             ... wielding a +0 trident
             ... summoned by an orc sorcerer
              (14 damage)
             ... on level 2 of the Orcish Mines.
             The game lasted 00:52:22 (18394 turns).

Dadi the Bludgeoner (Demonspawn Berserker)         Turns: 18394, Time: 00:52:23

HP:   -4/110 (111)  AC: 16    Str: 27    XL:     14   Next: 58%
MP:   0/30          EV: 14    Int:  9    God:    Trog [******]
Gold: 1828          SH:  5    Dex: 13    Spells: 13/13 levels left

rFire   + . .        i - +5 demon whip (drain)
rCold   + . .        q - +0 buckler
rNeg    + . .        o - +4 scale mail {rN+}
rPois   .            (helmet unavailable)
rElec   .            F - scarf {rC+ rF+}
rCorr   .            G - +0 pair of gloves
SInv    +            I - +1 pair of boots
Will    +....        f - amulet of regeneration Stlth
                     D - ring "Plog" {MP+9 Slay+6}
HPRegen 1.18/turn    k - +6 ring of strength
MPRegen 0.44/turn

%: guardian spirit
@: lightly drained
A: antennae 3, claws 2, demonic guardian 2, magic shield, magic regeneration
a: Renounce Religion, Berserk, Trog's Hand, Brothers in Arms


You were on level 2 of the Orcish Mines.
You worshipped Trog.
Trog was exalted by your worship.
You visited 3 branches of the dungeon, and saw 18 of its levels.
You also visited: Bailey.

You collected 1828 gold pieces.

Inventory:

Hand Weapons
 i - a +5 demon whip of draining (weapon)
 M - a +5 great mace of flaming
 O - the +4 dire flail of Trog's Displeasure {flame, rF+}
   (Trog gifted it to you on level 5 of the Lair of Beasts)

   rF+:       It protects you from fire.
Missiles
 m - 8 throwing nets (quivered)
Armour
 o - a +4 scale mail of positive energy (worn)
 q - a +0 buckler (worn)
 F - a scarf of resistance (worn)
 G - a +0 pair of gloves (worn)
 I - a +1 pair of boots (worn)
Jewellery
 f - an amulet of regeneration (around neck)
 k - a +6 ring of strength (right hand)
 n - a ring of protection from cold
 t - a ring of positive energy
 w - a ring of positive energy
 D - the ring "Plog" (left hand) {MP+9 Slay+6}
   (You acquired it on level 4 of the Lair of Beasts)

   [ring of magical power]

   Slay+6:    It affects your accuracy & damage with ranged weapons and melee
   (+6).
   MP+9:      It affects your magic capacity (+9).
 E - a ring of poison resistance
 P - a +5 ring of evasion
 S - a ring of poison resistance
 V - a +6 ring of intelligence
 Y - a ring of flight
Wands
 b - a wand of polymorph (5)
 s - a wand of flame (25)
 Q - a wand of acid (18)
 R - a wand of iceblast (12)
Scrolls
 a - a scroll of silence
 e - 4 scrolls of identify
 j - 9 scrolls of teleportation
 p - 3 scrolls of poison
 v - 3 scrolls of immolation
 z - 4 scrolls of vulnerability
 A - 3 scrolls of noise
 H - a scroll of revelation {unknown}
 K - 4 scrolls of blinking
 W - a scroll of summoning
 Z - a scroll of torment {unknown}
Potions
 c - 6 potions of curing
 d - 6 potions of heal wounds
 g - 2 potions of resistance
 h - 5 potions of haste
 l - 3 potions of invisibility
 x - 2 potions of enlightenment {unknown}
 B - 5 potions of ambrosia
 L - 2 potions of degeneration
 N - 2 potions of magic
 T - 3 potions of attraction {unknown}
 U - 2 potions of might {unknown}
 X - 4 potions of brilliance {unknown}
Miscellaneous
 J - a phial of floods


   Skills:
 + Level 10.4 Fighting
 - Level 16.0 Maces & Flails
 - Level 10.0 Armour
 - Level 10.0 Dodging
 * Level 3.5 Shields
 - Level 10.0 Invocations


You had 13 spell levels left.
You didn't know any spells.
Your spell library was empty.

Dungeon Overview and Level Annotations

Branches:
Dungeon (11/15)            Temple (0/1) D:5            Lair (5/5) D:11
  Swamp (0/4) Lair:2       Spider (0/4) Lair:3        Slime (0/5) Lair:4
    Orc (2/2) D:9             Elf (0/3) Orc:2        Bailey (visited)

Altars:
Dithmenos
Fedhas
Hepliaklqana
Kikubaaqudgha
Makhleb
Qazlal
Sif Muna
Vehumet
Wu Jian
Xom
Yredelemnul
Jiyva

Shops:
D:6 [   D:11 (   Orc:2 !*

Portals:
Hell: Lair:5


Innate Abilities, Weirdness & Mutations

You have a pair of large antennae on your head. (SInv)
You have very sharp fingernails.
A demonic guardian rushes to your aid.
When hurt, damage is shared between your health and your magic reserves.
You regenerate magic rapidly.


Message History

The sun demon completely misses you.
The orc knight roars a battlecry!
The orcs go into a battle-frenzy!
You whack the sun demon!
The sun demon is moderately wounded.
Your iron troll completely misses the orc warrior.
Your iron troll closely misses the orc warrior.
Your iron troll claws the orc warrior!!
The orc warrior dies!
Trog accepts your kill. The sun demon closely misses you.
The soul eater hits you.
* * * LOW HITPOINT WARNING * * *
You partially resist.
You feel drained.
The orc sorcerer mumbles some strange words.
You barely miss the sun demon.
The sun demon is moderately wounded.
You barely miss the sun demon.
The sun demon is moderately wounded.
You block the sun demon's attack.
The soul eater hits you but does no damage.
The orc sorcerer mumbles some strange words.
An orc high priest comes into view. It is wielding a +0 glaive.
The orc priest looks satisfied for a moment.
The orc knight unwields a +0 arbalest.
The orc knight wields a +0 great sword.
The orc knight barely misses your iron troll.
Your iron troll bites the orc knight!
Your iron troll claws the orc knight.
Your iron troll barely misses the orc knight.
The sun demon attacks as it pursues you!
The sun demon hits you!
* * * LOW HITPOINT WARNING * * *
You are engulfed in flames!
You resist.
* * * LOW HITPOINT WARNING * * *
A demonic guardian appears!
The soul eater barely misses your iron troll.
The orc priest invokes the aid of Beogh against you.
Beogh smites you!
* * * LOW HITPOINT WARNING * * *
The red devil attacks as it pursues you!
The red devil hits you from afar with a +0 trident!
You die...

....#...# ... { { .....#.∩ .....
{ {{##..#.... #...., { {
##.....#.∩ #.#o# ##.)))#)..#
#.oo# ##...#)...## #.oo##
{{##..)))...### ##### #.3T##
##...###).###.
#####.#.######43@###...###).###..
#.#.......#.###..4#...###..###...
.............###.#.#.###..###..).
#.#.###.......###...###..###.....
######.#.......###.###..###......
#...........#####))###..#..[)
##..........#####))###...###)#
#......#....##.#..)##.....#.#.
##.##.#.......))).))..........


You could see an orc knight (distracted, ally target), a soul eater, an orc high
priest, a sun demon (ally target), an orc sorcerer (strong), a red devil
(summoned), an orc warrior (strong), an orc priest (strong), a friendly iron
troll (summoned, berserk) and a friendly hellwing (summoned).

Vanquished Creatures
  2 dire elephants (Lair:5)
  Harold (D:10)
  6 hydras
  Erica (D:9)
  A catoblepas (Lair:5)
  2 two-headed ogres
  2 boulder beetles
  An occultist (Lair:5)
  An orc high priest (Orc:2)
  A sun demon (Lair:5)
  2 skysharks
  A bog body (Lair:2)
  5 elephants
  An orc sorcerer (D:9)
  2 cyclopes (D:11)
  A meliai (Lair:3)
  3 black mambas (Lair:5)
  A gargoyle (D:11)
  An ice statue (Lair:4)
  An orange demon (Lair:5)
  13 cane toads
  The ghost of riffraff the Insei, a novice GnSh (D:5)
  A freezing wraith (Lair:4)
  11 komodo dragons
  2 kobold demonologists (Bailey)
  4 rime drakes
  4 red devils (Lair:5)
  2 hellwings
  9 polar bears
  5 trolls
  2 hornets
  13 blink frogs
  4 wyverns
  A wraith (D:11)
  69 yaks
  2 wargs
  2 vampire mosquitoes (D:11)
  2 steam dragons (D:8)
  A basilisk (Lair:4)
  A swamp worm (Lair:2)
  4 acid dragons
  Duvessa (D:6)
  4 hell hounds (Lair:5)
  18 water moccasins
  33 orc warriors
  4 black bears
  6 ice beasts
  14 ogres
  12 wolves
  2 kobold brigands (D:6)
  10 bullfrogs
  A gnoll sergeant (D:6)
  4 scorpions
  3 necrophages (Lair:3)
  8 wights
  Dowan (D:6)
  7 killer bees
  13 howler monkeys
  5 electric eels
  A bombardier beetle (D:6)
  5 jellies
  Crazy Yiuf (D:3)
  3 gnoll boudas (D:6)
  19 orc priests
  5 hounds (D:6)
  Jessica (D:3)
  Natasha (D:3)
  3 iguanas
  23 orc wizards
  18 gnolls
  6 adders
  A shadow imp (D:8)
  A white imp (Lair:4)
  2 ufetubi (D:6)
  4 dart slugs
  4 ribbon worms
  58 orcs
  3 ball pythons
  6 endoplasms
  4 giant cockroaches
  20 goblins
  15 hobgoblins
  4 jackals (D:3)
  4 quokkas
  7 bats
  5 frilled lizards
  9 kobolds
  8 rats
576 creatures vanquished.

Vanquished Creatures (collateral kills)
  An orc knight (Orc:2)
  3 elephants (Lair:4)
  A polar bear (Lair:4)
  2 yaks
  2 orc warriors (Orc:2)
  An ice beast (Lair:4)
  A necrophage (Lair:3)
  3 orc priests (Orc:2)
  An orc wizard (Orc:2)
  A white imp (Lair:4)
  7 orcs
23 creatures vanquished.

Grand Total: 599 creatures vanquished

Notes
Turn   | Place    | Note
-------+----------+-------------------------------------------
     0 | D:1      | Dadi the Demonspawn Berserker began the quest for the Orb.
     0 | D:1      | Reached XP level 1. HP: 18/18 MP: 1/1
   168 | D:1      | Reached skill level 3 in Maces & Flails
   268 | D:1      | Gained mutation: You regenerate magic rapidly. [demonic
                  | ancestry]
   268 | D:1      | Reached XP level 2. HP: 19/24 MP: 2/2
  1153 | D:2      | Gained mutation: When hurt, damage is shared between your
                  | health and your magic reserves. [demonic ancestry]
  1153 | D:2      | Reached XP level 3. HP: 27/29 MP: 3/3
  1182 | D:2      | Found a faded altar of an unknown god.
  1244 | D:2      | Reached skill level 4 in Maces & Flails
  1276 | D:2      | Reached ** piety under Trog
  1354 | D:2      | Found the +7 staff of the Meek {protect, meekguard}
  1430 | D:2      | Discovered your monstrous ancestry.
  1430 | D:2      | Gained mutation: You have a pair of small antennae on your
                  | head. [demonic ancestry]
  1430 | D:2      | Reached XP level 4. HP: 26/35 MP: 4/4
  1828 | D:3      | Reached skill level 5 in Maces & Flails
  1928 | D:3      | Reached XP level 5. HP: 41/41 MP: 5/5
  2136 | D:3      | Found a blossoming altar of Fedhas.
  2331 | D:3      | Noticed Natasha
  2338 | D:3      | Killed Natasha
  2339 | D:3      | Reached *** piety under Trog
  2416 | D:3      | Identified the +8 hammer "Vikoatt" {flame, rC- Str+4 Int+5}
  2420 | D:3      | Found a runed translucent door.
  2420 | D:3      | Noticed Jessica
  2420 | D:3      | Noticed Crazy Yiuf
  2426 | D:3      | Killed Jessica
  2428 | D:3      | Killed Crazy Yiuf
  2429 | D:3      | Reached skill level 6 in Maces & Flails
  2592 | D:4      | Gained mutation: You have a pair of antennae on your head.
                  | [demonic ancestry]
  2592 | D:4      | Reached XP level 6. HP: 41/47 MP: 4/6
  2734 | D:4      | Found a radiant altar of Vehumet.
  2819 | D:4      | Identified the +3 leather armour "Etytivue" {-Cast Str+5
                  | Dex+2}
  3099 | D:4      | Reached skill level 7 in Maces & Flails
  3450 | D:5      | Entered Level 5 of the Dungeon
  3450 | D:5      | Noticed an ice beast
  3457 | D:5      | Killed an ice beast
  3458 | D:5      | Gained mutation: You have a pair of large antennae on your
                  | head. (SInv) [demonic ancestry]
  3458 | D:5      | Reached XP level 7. HP: 52/52 MP: 7/7
  3658 | D:5      | Noticed riffraff's ghost (novice GnSh)
  3730 | D:5      | Found a transporter.
  3732 | D:5      | Found a transporter.
  3938 | D:5      | Reached skill level 8 in Maces & Flails
  4052 | D:5      | Reached skill level 1 in Invocations
  4344 | D:5      | Gained mutation: You have sharp fingernails. [demonic
                  | ancestry]
  4344 | D:5      | Reached XP level 8. HP: 48/61 MP: 6/10
  4424 | D:5      | Found a staircase to the Ecumenical Temple.
  4552 | D:5      | Reached skill level 5 in Fighting
  4568 | D:5      | Killed riffraff's ghost
  4571 | D:5      | Reached skill level 5 in Invocations
  4733 | D:6      | Found a hazy altar of Hepliaklqana.
  4927 | D:6      | Reached **** piety under Trog
  4955 | D:6      | Noticed a two-headed ogre
  4968 | D:6      | Killed a two-headed ogre
  4969 | D:6      | Gained mutation: A weak demonic guardian rushes to your
                  | aid. [demonic ancestry]
  4969 | D:6      | Reached XP level 9. HP: 34/75 MP: 4/14
  5099 | D:6      | Noticed Duvessa
  5099 | D:6      | Noticed Dowan
  5103 | D:6      | Killed Dowan
  5109 | D:6      | Killed Duvessa
  5660 | D:6      | Found Jizopod's Antique Armour Emporium.
  5764 | D:6      | Reached ***** piety under Trog
  5896 | D:6      | Reached skill level 10 in Fighting
  5969 | D:6      | Reached XP level 10. HP: 66/85 MP: 12/16
  6485 | D:6      | Noticed a boulder beetle
  6495 | D:6      | Killed a boulder beetle
  6496 | D:6      | Reached skill level 9 in Maces & Flails
  6496 | D:6      | Reached skill level 10 in Invocations
  6882 | D:7      | Found an ancient bone altar of Kikubaaqudgha.
  7211 | D:7      | Reached skill level 10 in Maces & Flails
  7432 | D:8      | Received a gift from Trog
  7791 | D:8      | Found an ornate altar of the Wu Jian Council.
  8142 | D:8      | You fall into a shaft and drop 1 floor!
  8189 | D:9      | Found a flagged portal.
  8209 | Bailey   | Entered a bailey
  8330 | Bailey   | Reached skill level 11 in Maces & Flails
  8435 | Bailey   | Found an iron altar of Okawaru.
  8455 | Bailey   | Reached XP level 11. HP: 90/90 MP: 18/18
  8789 | Bailey   | Identified the +0 ring mail of the Moon Troll {Fly rF-
                  | Int+8 Dex-2}
  9213 | D:9      | Found a shimmering altar of Xom.
  9216 | D:9      | Paralysed by a hornet for 2 turns
  9232 | D:9      | Noticed Erica
  9243 | D:9      | Killed Erica
  9244 | D:9      | Reached skill level 12 in Maces & Flails
  9267 | D:9      | Found a stormy altar of Qazlal.
  9302 | D:9      | Found a staircase to the Orcish Mines.
  9485 | D:9      | Noticed a two-headed ogre
  9494 | D:9      | Killed a two-headed ogre
  9611 | D:9      | Found a shadowy altar of Dithmenos.
  9710 | D:10     | Entered Level 10 of the Dungeon
  9777 | Orc:1    | Entered Level 1 of the Orcish Mines
  9777 | Orc:1    | Noticed an orc sorcerer
  9792 | D:10     | Noticed Harold
  9807 | D:10     | Killed Harold
  9843 | D:10     | Reached skill level 13 in Maces & Flails
  9884 | D:10     | Found a basalt altar of Yredelemnul.
 10060 | D:10     | Found a shimmering blue altar of Sif Muna.
 10544 | D:11     | Reached skill level 14 in Maces & Flails
 10575 | D:11     | Received a gift from Trog
 10716 | D:11     | Found Sioteg's Weapon Shop.
 10877 | D:11     | Found a staircase to the Lair.
 10917 | D:11     | Noticed a boulder beetle
 10924 | D:11     | Killed a boulder beetle
 10925 | D:11     | Gained mutation: You have very sharp fingernails. [demonic
                  | ancestry]
 10925 | D:11     | Reached XP level 12. HP: 97/97 MP: 19/19
 11126 | Lair:1   | Entered Level 1 of the Lair of Beasts
 11284 | Lair:1   | Reached skill level 5 in Armour
 11284 | Lair:1   | Reached skill level 5 in Dodging
 12074 | Lair:2   | Found the +5 robe of Misfortune {Harm *Corrode *Slow EV+5}
 12338 | Lair:2   | Noticed a seven-headed hydra
 12346 | Lair:2   | Killed a seven-headed hydra
 12399 | Lair:2   | Noticed a seven-headed hydra
 12402 | Lair:2   | Killed a seven-headed hydra
 12611 | Lair:2   | Identified the +6 falchion "Detoboit" {freeze, Fly Int+4}
 12658 | Lair:2   | Noticed a four-headed hydra
 12667 | Lair:2   | Killed a four-headed hydra
 12668 | Lair:2   | Reached XP level 13. HP: 39/103 MP: 5/20
 12857 | Lair:2   | Found a staircase to the Swamp.
 13841 | Lair:3   | Found a hole to the Spider Nest.
 14373 | Lair:4   | Reached ****** piety under Trog
 14493 | Lair:4   | Found a staircase to the Slime Pits.
 14493 | Lair:4   | Found a viscous altar of Jiyva.
 14569 | Lair:4   | Received a gift from Trog
 14773 | Lair:4   | Identified the +4 hand axe of Parts Unknown {antimagic, rN+
                  | Stlth+}
 14812 | Lair:4   | Acquired the ring "Plog" {MP+9 Slay+6}
 14920 | Lair:4   | Reached skill level 10 in Armour
 14920 | Lair:4   | Reached skill level 10 in Dodging
 15470 | Lair:5   | Entered Level 5 of the Lair of Beasts
 15662 | Lair:5   | Gained mutation: A demonic guardian rushes to your aid.
                  | [demonic ancestry]
 15662 | Lair:5   | Reached XP level 14. HP: 103/110 MP: 21/21
 15756 | Lair:5   | Reached skill level 15 in Maces & Flails
 16030 | Lair:5   | Identified the +4 dire flail of Trog's Displeasure {flame,
                  | rF+} (Trog gifted it to you on level 5 of the Lair of
                  | Beasts)
 16030 | Lair:5   | Received a gift from Trog
 16108 | Lair:5   | Identified the granite talisman of Ruewk {+Blink Str-5
                  | Int+4 Slay+4}
 16809 | Lair:5   | Found a burning altar of Makhleb.
 16955 | Lair:5   | Reached skill level 16 in Maces & Flails
 16982 | Lair:5   | Found a gateway to Hell.
 16989 | Lair:5   | Identified the +2 great sword "Rievozab" {antimagic, Int+3}
 17614 | Orc:1    | Paralysed by an orc sorcerer for 3 turns
 17624 | D:9      | Reached skill level 1 in Shields
 17837 | Orc:2    | Entered Level 2 of the Orcish Mines
 17902 | Orc:2    | Received a gift from Trog
 17984 | Orc:2    | Found a staircase to the Elven Halls.
 18348 | Orc:2    | Found Rohil's General Store.
 18350 | Orc:2    | Found Myuxenk's Distillery.
 18394 | Orc:2    | Slain by a red devil

Illustrated notes

Levels and vault maps discovered:
D:1:      doesnt_arrival_eight_statues, layout_loops_corners
D:2:      kennysheep_the_goblin_king, layout_basic, basic_altar,
          ebering_ecumenical_altar_abandoned
D:3:      layout_rooms, fedhas_altar_fruit_tree, minmay_joined_circles,
          uniq_crazy_yiuf_cottage, uniq_jessica, uniq_natasha
D:4:      layout_loops_cross, mainiacjoe_overflow_alcove_2
D:5:      layout_cave_pods, temple_statues, serial_column_ruins,
          column_ruins_hut_pillars, column_ruins_hut_ruined,
          column_ruins_columns_water, column_ruins_columns_corner,
          column_ruins_open_small, gammafunk_ghost_hive, roderic_lattice_a
D:6:      lemuel_castle_with_subvaults [lemuel_castle_interior_original],
          layout_gridville, mainiacjoe_overflow_24_doors, serial_shops,
          nicolae_shop_rolling_square, nicolae_figureground_pulse, uniq_duvessa
D:7:      layout_cave_pods, nicolae_kikubaaqudgha_miasma_corner,
          grunt_ministairs_1
D:8:      layout_basic, nicolae_wu_jian_wuxing_cycle, nicolae_titane
D:9:      layout_loops_ring, mainiacjoe_overflow_six_doors_small,
          nicolae_qazlal_general_emergency, kennysheep_mini, david_orc_2,
          enter_bailey_5, uniq_erica
D:10:     layout_long_grid, mainiacjoe_overflow_paths,
          mainiacjoe_overflow_alcove_4, nicolae_tso_carved_into_rock,
          uniq_harold
D:11:     layout_cave_pools, lair_entry_dummy, serial_shops, shop
Lair:1:   layout_concentric_octagons, grunt_megastairs_2
Lair:2:   layout_chaotic_city, nicolae_swamp_entry_splash_gauntlet
Lair:3:   layout_small_grid, hellmonk_spider_entry_not_the_bees,
          roderic_carrion_pond
Lair:4:   layout_misc_corridors, slime_entry_1, hangedman_lair_unloving_vines,
          nicolae_quartered_pool_super, chequers_serial_rivers_micro_e,
          ice2_lemuel
Lair:5:   evil_forest, layout_regular_city, grunt_megastairs_5,
          serial_bayou_shore_b, lemuel_fruit_fields
Orc:1:    layout_caves
Orc:2:    pf_orc_diabolical, layout_caves, mines1_david

Skill      XL: |  1  2  3  4  5  6  7  8  9 10 11 12 13 14 |
---------------+-------------------------------------------+-----
Maces & Flails | 3 4 5 6 7 8 11 14 16 | 16.0
Invocations    | 3 7 9 10 | 10.0
Fighting       | 4 8 10 | 10.4
Armour         | 3 7 10 | 10.0
Dodging        | 3 7 10 | 10.0
Shields        | 3 |  3.5

Action                     |  1- 3 |  4- 6 |  7- 9 | 10-12 | 13-15 || total
---------------------------+-------+-------+-------+-------+-------++-------
  Melee: Mace              |   146 |   123 |   183 |   140 |       ||   592
         Punch             |     2 |       |     2 |     1 |       ||     5
         Flail             |       |    27 |       |       |       ||    27
         Great mace        |       |       |       |   378 |   422 ||   800
         Demon whip        |       |       |       |       |   169 ||   169
         Dire flail        |       |       |       |       |    43 ||    43
 Invoke: Berserk           |       |     1 |     3 |     9 |     2 ||    15
         Brothers in Arms  |       |       |       |       |     2 ||     2
         Trog's Hand       |       |       |       |       |     1 ||     1
    Use: Scroll            |       |       |     6 |    16 |     5 ||    27
         Potion            |       |       |       |       |     3 ||     3
   Stab: Sleeping          |     1 |     1 |       |       |       ||     2
         Distracted        |     1 |       |     3 |       |     2 ||     6
 Armour: Animal skin       |    96 |    73 |       |       |       ||   169
         Leather armour    |       |    10 |   135 |   349 |    45 ||   539
         Scale mail        |       |       |       |       |   516 ||   516
  Dodge: Dodged            |   130 |    94 |   109 |   300 |   477 ||  1110
  Block: Buckler           |       |       |       |       |    25 ||    25
